AoeStats
← danjo

MegaRandom

504197112Analyzed
1v1 RM · 29d ago on Sep 4, 2026· 49m 6s· 2 players
Game mode
Random Map
Map size
Tiny (2 player)
Population
200
Speed
Normal
Resources
Standard
Victory
Conquest
Starting age
Dark Age
Ending age
Imperial Age
RankedLock teamsTeams togetherTeam positionsShared explorationLock speedFull tech treeHidden civsTurbo modeCheats
Victory
Defeat
🇩🇪 Malians · Germany
1019
+15
🇨🇦 Vietnamese · Canada
988
-15
Anonymous
7:30 Loom
9:38 Feudal Age
10:14 Double-Bit Axe
16:50 Castle Age
16:13 Fletching
16:34 Forging
18:20 Bow Saw
17:37 Crossbowman
34:05 Imperial Age
31:48 Bodkin Arrow
45:42 Horse Collar
49:06 Padded Archer Armor
danjo
10:13 Feudal Age
10:50 Loom
15:56 Castle Age
15:29 Stone Mining
15:46 Scale Barding Armor
15:52 Forging
15:32 Double-Bit Axe
21:28 Fishing Lines
22:24 Fletching
34:11 Imperial Age
32:40 Bodkin Arrow
35:59 Iron Casting
35:26 Scale Mail Armor
41:10 Chemistry
42:06 Chain Barding Armor
42:17 Murder Holes
43:11 Cavalier
44:20 Husbandry
44:30 Bloodlines
44:21 Gillnets
49:40 Wheelbarrow
Connection lost

Rejoining the realm…

Still unreachable

The connection could not be restored.

Session expired

The server has moved on; the page needs a fresh start.